Map: Ever Dream LE

Players

liquidthermy (uThermal)

  • Race: Terran Terran
  • Spawn Location: 1:00

HeroMarine - Winner!

  • Race: Terran Terran
  • League: Master
  • Spawn Location: 7:00

Event: DreamHack SC2 Masters 2020 Summer Europe

VOD

Have the link to the VOD?

Description

Time

  • Played on: July 11, 2020, 10:42 a.m.
  • Length: 9:59

All games in this series

Show
View Real Time Build Order
Export as new Build Order

liquidthermy Terran 

Build Orders:  

Get SALT Encoding   

  12  0:01  SCV  
  13  0:13  SCV  
  14  0:18  Supply Depot  
  14  0:25  SCV  
  15  0:39  SCV  
  15  0:42  Barracks  
  16  0:48  Refinery  
  16  1:00  Barracks  
  16  1:03  SCV  
  17  1:15  SCV  
  18  1:29  Orbital Command, Barracks Tech Lab  
  18  1:35  Supply Depot  
  18  1:41  Refinery  
  18  1:48  Marauder  
  18  1:53  Barracks Tech Lab  
  20  2:00  Concussive Shells  
  20  2:02  SCV  
  21  2:10  Marauder  
  23  2:17  Marauder  
  23  2:20  SCV  
  26  2:32  Supply Depot  
  26  2:33  Marauder  
  28  2:41  Marauder  
  30  2:50  Factory  
  30  2:56  Marauder  
  32  3:03  SCV  
  33  3:15  Supply Depot, SCV  
  33  3:18  Marauder  
  35  3:27  SCV  
  34  3:37  Hellion  
  34  3:40  SCV  
  37  3:45  Marauder  
  38  3:52  SCV  
  31  4:03  Hellion  
  31  4:07  SCV  
  34  4:18  Starport  
  34  4:19  SCV  
  35  4:24  Factory Tech Lab  
  36  4:43  Cyclone  
  38  4:54  Command Center, SCV  
  38  4:55  Starport Tech Lab  
  39  5:06  SCV  
  40  5:13  Barracks Reactor  
  40  5:15  Raven  
  40  5:19  SCV  
  40  5:20  Supply Depot  
  41  5:24  Cyclone  
  41  5:27  Refinery  
  44  5:31  SCV  
  43  5:43  SCV  
  44  5:50  Marine x2  
  44  5:55  SCV  
  47  5:59  Raven  
  49  6:07  Orbital Command, SCV  
  49  6:08  Marine x2  
  52  6:17  Siege Tank  
  55  6:19  SCV  
  56  6:27  Command Center  
  56  6:32  SCV x2  
  58  6:33  Marine  
  58  6:35  Marine  
  60  6:42  Refinery  
  60  6:44  SCV x2  
  60  6:45  Raven  
  64  6:51  Supply Depot, Marine  
  64  6:53  Marine  
  66  6:56  SCV  
  66  6:57  SCV  
  68  7:03  Supply Depot  
  68  7:08  SCV  
  68  7:11  SCV  
  68  7:12  Siege Tank, Marine  
  68  7:14  Marine  
  75  7:20  SCV  
  76  7:24  SCV  
  77  7:33  SCV  
  77  7:36  SCV  
  79  7:37  Engineering Bay  
  79  7:39  Orbital Command  
  79  7:41  Viking x2  
  83  7:45  SCV  
  83  7:46  Siege Tank  
  87  7:51  SCV  
  87  7:55  Barracks Reactor  
  87  7:57  SCV  
  89  8:02  Factory  
  89  8:03  SCV  
  90  8:06  Factory  
  90  8:09  SCV  
  90  8:12  Missile Turret  
  89  8:13  Viking  
  89  8:15  SCV  
  89  8:18  Siege Tank  
  95  8:21  SCV  
  95  8:26  Orbital Command  
  96  8:27  Supply Depot  
  96  8:28  SCV  
  96  8:29  Supply Depot  
  96  8:33  SCV  
  96  8:37  Viking  
  96  8:40  SCV  
  99  8:43  Viking  
  101  8:49  SCV  
  101  8:52  SCV x2  
  104  8:58  Siege Tank x2  
  104  8:59  Hellion  
  104  9:01  SCV  
  110  9:04  SCV x2  
  110  9:08  Refinery  
  110  9:09  Viking  
  111  9:13  SCV  
  111  9:16  SCV x2  
  108  9:25  SCV  
  108  9:28  Barracks Reactor, SCV  
  110  9:35  Hellion  
  110  9:37  SCV  
Show
View Real Time Build Order
Export as new Build Order

HeroMarine Terran - Winner!

Build Orders: Reaper Expand 

Get SALT Encoding   

  12  0:01  SCV  
  13  0:13  SCV  
  14  0:18  Supply Depot  
  14  0:25  SCV  
  15  0:39  SCV  
  15  0:41  Barracks  
  16  0:43  Refinery  
  16  0:51  SCV  
  17  1:04  SCV  
  18  1:16  SCV  
  19  1:28  Orbital Command, Reaper  
  20  1:44  Command Center  
  20  1:51  Supply Depot  
  20  1:55  SCV  
  20  2:01  Bunker  
  21  2:04  Marine  
  21  2:07  SCV  
  23  2:18  Factory  
  23  2:19  SCV  
  24  2:23  Marine  
  24  2:27  Refinery  
  25  2:31  SCV  
  26  2:41  Marine  
  26  2:43  SCV  
  28  2:56  Bunker  
  29  2:58  Marine  
  29  3:02  Orbital Command, Factory Tech Lab  
  29  3:07  Starport  
  29  3:10  SCV  
  30  3:22  SCV  
  30  3:24  Cyclone  
  34  3:32  Marine  
  35  3:35  SCV  
  35  3:38  SCV  
  37  3:47  SCV  
  38  3:52  Starport Tech Lab, Supply Depot  
  38  3:53  Supply Depot  
  28  4:13  Cyclone  
  31  4:17  Orbital Command, SCV x2  
  31  4:21  Banshee  
  36  4:29  SCV  
  38  4:31  Supply Depot  
  38  4:34  Orbital Command, Barracks Reactor  
  37  4:41  SCV  
  38  4:46  Siege Tank  
  41  4:53  SCV  
  41  4:55  Orbital Command  
  42  5:04  Command Center  
  42  5:05  SCV  
  43  5:10  Marine  
  43  5:11  Banshee, Marine  
  48  5:17  SCV  
  49  5:23  Siege Tank  
  49  5:27  Supply Depot  
  52  5:29  SCV  
  52  5:30  Marine x2  
  52  5:33  SCV  
  56  5:41  SCV  
  57  5:45  SCV  
  60  5:54  SCV  
  60  5:55  Barracks  
  58  5:57  SCV  
  58  5:58  Siege Tank  
  62  6:04  Starport Reactor  
  62  6:06  SCV  
  62  6:07  Barracks  
  62  6:09  Stimpack, SCV  
  62  6:10  Refinery  
  62  6:11  Refinery  
  64  6:12  Marine  
  64  6:17  Orbital Command  
  65  6:20  SCV  
  65  6:22  SCV  
  67  6:29  Marine  
  67  6:32  SCV  
  69  6:34  SCV  
  69  6:35  Siege Tank  
  73  6:44  Marine, SCV  
  73  6:45  Marine  
  73  6:46  SCV x2  
  78  6:49  Supply Depot, Starport Reactor  
  78  6:56  SCV  
  78  6:58  Marine  
  78  7:00  Marine x2  
  83  7:02  Marine x2  
  83  7:04  Orbital Command, SCV  
  83  7:06  Supply Depot  
  85  7:10  SCV  
  85  7:11  Supply Depot  
  85  7:13  Siege Tank  
  89  7:15  Marine  
  89  7:18  Marine x2  
  93  7:26  Supply Depot, Marine  
  93  7:27  Supply Depot  
  93  7:28  SCV, Medivac x2  
  93  7:29  SCV  
  99  7:31  SCV  
  99  7:34  Marine x2  
  101  7:40  SCV  
  101  7:41  SCV  
  101  7:42  Supply Depot  
  103  7:44  Engineering Bay  
  103  7:45  Engineering Bay  
  103  7:48  SCV  
  103  7:49  Combat Shield  
  104  7:52  SCV  
  104  7:53  SCV  
  104  7:57  Marine x4  
  109  7:59  Marine  
  109  8:00  SCV  
  109  8:02  Medivac  
  113  8:08  Medivac  
  113  8:09  SCV  
  113  8:10  SCV  
  120  8:16  SCV  
  118  8:23  SCV x2, Barracks x2  
  118  8:26  Marine x2  
  122  8:27  Marine  
  122  8:28  Marine x2, SCV  
  122  8:30  Factory Tech Lab  
  125  8:35  SCV x2  
  125  8:40  SCV  
  128  8:41  Medivac x2  
  128  8:44  Marine  
  128  8:46  Marine  
  128  8:47  SCV x2  
  132  8:52  SCV  
  132  8:54  Refinery x2, Supply Depot  
  133  8:55  Supply Depot  
  133  8:57  Marauder  
  133  8:59  SCV  
  133  9:00  Marine x2  
  133  9:01  Marine  
  139  9:06  SCV x2  
  141  9:11  SCV  
  137  9:17  Marauder  
  137  9:18  Barracks Tech Lab, SCV  
  137  9:19  Medivac x2  
  137  9:20  Marauder  
  133  9:34  Marine x3  
  128  9:39  Supply Depot  
  128  9:42  Command Center, Armory  
Tags
 
Add a new tag
Caveats
  • Supply blocks, unpowered buildings, or Contaminate may cause inaccurate times.
  • Supply counts are checked every 10 seconds.